Map: 어비설 리프 - 래더

Players

Bunny - Winner!

  • Race: Terran Terran
  • Spawn Location: 11:00

Krr

  • Race: Protoss Protoss
  • Spawn Location: 5:00

Event: IEM XI Katowice - World Championship 2017

VOD

Have the link to the VOD?

Description

Time

  • Played on: Feb. 28, 2017, 6:34 a.m.
  • Length: 8:14

All games in this series

Show
View Real Time Build Order
Export as new Build Order

Bunny Terran - Winner!

Build Orders: Reaper Expand, MMM Bio 

Get SALT Encoding   

  12  0:00  SCV  
  13  0:13  SCV  
  14  0:17  Supply Depot  
  14  0:25  SCV  
  15  0:38  SCV  
  15  0:40  Barracks  
  16  0:43  Refinery  
  16  0:50  SCV  
  17  1:03  SCV  
  18  1:15  SCV  
  19  1:27  Reaper, Orbital Command  
  20  1:42  Command Center  
  20  1:53  SCV  
  21  1:55  Supply Depot  
  21  1:59  Marine  
  22  2:05  SCV  
  23  2:10  Factory  
  23  2:17  SCV  
  23  2:18  Refinery  
  23  2:20  Barracks Reactor  
  24  2:29  SCV  
  25  2:41  SCV  
  26  2:53  SCV  
  26  2:54  Widow Mine, Starport, Orbital Command  
  26  2:56  Marine x2  
  31  3:05  SCV  
  32  3:14  Marine x2  
  32  3:17  SCV  
  32  3:19  SCV  
  36  3:23  Widow Mine  
  38  3:31  Medivac  
  38  3:32  Marine x2, SCV  
  38  3:33  SCV  
  44  3:40  Bunker  
  43  3:41  Supply Depot  
  43  3:45  SCV x2  
  43  3:48  Barracks  
  45  3:50  Barracks  
  45  3:57  SCV  
  45  4:00  Factory Tech Lab  
  45  4:02  Starport Tech Lab  
  46  4:03  SCV  
  46  4:04  Marine  
  46  4:05  Marine  
  46  4:08  Engineering Bay  
  49  4:11  SCV  
  49  4:15  SCV  
  51  4:18  Supply Depot  
  51  4:20  Raven  
  51  4:23  SCV  
  54  4:25  Refinery  
  54  4:32  Factory Tech Lab  
  54  4:35  Supply Depot  
  54  4:39  Marine x2, SCV x2  
  54  4:40  Terran Infantry Weapons Level 1  
  54  4:43  Barracks Tech Lab  
  54  4:44  Marine  
  59  4:50  Stimpack  
  59  4:51  SCV x2  
  61  4:56  Refinery  
  61  4:57  Marine x2  
  63  5:02  Marine  
  63  5:06  Marine  
  65  5:07  Siege Tank  
  65  5:08  SCV x2  
  65  5:13  Supply Depot  
  70  5:18  Combat Shields  
  70  5:25  Starport Reactor  
  70  5:28  Supply Depot  
  70  5:34  Marine x4, SCV x2  
  76  5:46  Supply Depot, SCV x2  
  76  5:48  Siege Tank  
  77  5:52  Marine x4  
  81  6:01  Supply Depot  
  81  6:04  Medivac x2, Command Center  
  81  6:09  SCV x2  
  81  6:10  Marine x4  
  91  6:18  Barracks  
  91  6:20  Supply Depot  
  91  6:22  Barracks  
  91  6:27  Marine x2  
  91  6:28  Marauder x2  
  91  6:31  SCV  
  91  6:32  SCV  
  99  6:36  Medivac  
  101  6:41  Medivac  
  101  6:42  Supply Depot  
  101  6:44  Factory Reactor  
  101  6:46  SCV x2  
  105  6:48  Marine x2  
  105  6:53  Marauder  
  109  6:55  Concussive Shells  
  109  7:04  Marauder  
  109  7:06  SCV x2, Medivac  
  115  7:09  Marine x2  
  115  7:11  Medivac, Marauder, Barracks Reactor  
  108  7:20  Orbital Command  
  108  7:21  Marauder  
  98  7:25  Widow Mine, Marauder  
  98  7:27  Marine x2, SCV  
  102  7:32  Marine  
  102  7:36  Widow Mine, Medivac  
  101  7:40  SCV x2  
  101  7:42  Marine  
  101  7:44  Refinery x2  
  104  7:45  Marine x2, SCV  
  104  7:48  Marine x2  
  104  7:49  Marauder  
  104  7:51  Marauder  
  113  7:52  SCV x2  
  113  7:55  Supply Depot  
Show
View Real Time Build Order
Export as new Build Order

Krr Protoss 

Build Orders: 1 Gate Expand, Blink Stalkers 

Get SALT Encoding   

  12  0:00  Probe (Chrono Boost)  
  13  0:11  Probe (Chrono Boost)  
  14  0:17  Pylon  
  14  0:21  Probe (Chrono Boost)  
  16  0:35  Assimilator, Probe (Chrono Boost)  
  16  0:42  Gateway  
  16  0:46  Probe (Chrono Boost)  
  17  0:56  Probe (Chrono Boost)  
  18  1:07  Probe (Chrono Boost)  
  19  1:19  Nexus  
  19  1:22  Probe (Chrono Boost)  
  20  1:31  Cybernetics Core  
  20  1:34  Probe (Chrono Boost)  
  20  1:39  Assimilator  
  21  1:44  Probe (Chrono Boost)  
  22  1:49  Pylon  
  22  1:55  Probe (Chrono Boost)  
  23  2:07  Stalker  
  23  2:08  Mothership Core (Chrono Boost)  
  27  2:09  Warp Gate  
  27  2:26  Probe (Chrono Boost)  
  28  2:33  Probe (Chrono Boost)  
  28  2:36  Robotics Facility  
  29  2:39  Probe (Chrono Boost)  
  29  2:43  Probe (Chrono Boost)  
  31  2:51  Probe (Chrono Boost)  
  32  2:54  Probe (Chrono Boost)  
  33  2:58  Twilight Council  
  33  3:03  Probe (Chrono Boost)  
  33  3:04  Probe (Chrono Boost)  
  35  3:15  Gateway, Probe x2 (Chrono Boost)  
  35  3:17  Gateway  
  37  3:21  Observer  
  37  3:22  Assimilator  
  37  3:23  Blink  
  40  3:27  Probe (Chrono Boost)  
  40  3:28  Probe (Chrono Boost)  
  40  3:33  Pylon  
  42  3:42  Probe x2 (Chrono Boost)  
  42  3:48  Observer  
  42  3:49  Pylon  
  42  3:54  Probe (Chrono Boost)  
  44  4:01  Pylon  
  44  4:02  Probe (Chrono Boost)  
  45  4:06  Probe (Chrono Boost)  
  46  4:13  Stalker x3  
  46  4:14  Probe (Chrono Boost)  
  46  4:15  Observer  
  54  4:18  Probe (Chrono Boost)  
  55  4:27  Probe (Chrono Boost)  
  55  4:30  Probe (Chrono Boost)  
  57  4:36  Nexus  
  57  4:43  Assimilator, Probe x2 (Chrono Boost)  
  59  4:52  Stalker x3  
  63  4:55  Pylon  
  63  4:59  Probe (Chrono Boost)  
  67  5:00  Probe (Chrono Boost)  
  57  5:11  Resonating Glaives, Probe (Chrono Boost)  
  57  5:12  Probe (Chrono Boost)  
  59  5:24  Probe x2 (Chrono Boost)  
  61  5:33  Gateway  
  61  5:35  Gateway  
  55  5:36  Gateway  
  55  5:39  Gateway, Probe (Chrono Boost)  
  55  5:40  Probe (Chrono Boost)  
  58  5:50  Sentry x3  
  58  5:51  Probe (Chrono Boost)  
  58  5:52  Probe (Chrono Boost), Warp Prism  
  69  6:05  Probe x2 (Chrono Boost)  
  69  6:06  Probe (Chrono Boost)  
  68  6:13  Sentry x3  
  68  6:17  Probe (Chrono Boost)  
  77  6:19  Probe x2 (Chrono Boost)  
  77  6:29  Adept  
  77  6:30  Adept x2  
  81  6:34  Adept  
  80  6:40  Adept x2  
  80  6:43  Adept  
  84  6:54  Adept x3  
  84  6:58  Adept  
  92  7:04  Pylon  
  92  7:13  Adept x3  
  59  7:25  Adept x3  
  59  7:26  Adept  
  51  7:36  Sentry x2  
  51  7:37  Sentry  
  57  7:49  Adept x3  
  63  7:51  Adept  
  65  8:00  Sentry, Stalker  
  65  8:04  Stalker  

Tags
 
Add a new tag
Caveats
  • Supply blocks, unpowered buildings, or Contaminate may cause inaccurate times.
  • Supply counts are checked every 10 seconds.